 Dungeon Crawl Stone Soup version 0.25-a0-942-g87a53962fc (webtiles) character file.

Game seed: 5890677528840757757, levelgen mode: deterministic

1059 EWolf27 the Sneak (level 8, 0/36 HPs)
             Began as a Spriggan Enchanter on May 7, 2020.
             Shot with a sling bullet by Joseph (13 damage)
             ... on level 7 of the Dungeon.
             The game lasted 00:55:02 (10238 turns).

EWolf27 the Sneak (Spriggan Enchanter)             Turns: 10238, Time: 00:55:03

Health: 0/36       AC:  5    Str:  5    XL:     8   Next: 6%
Magic:  11/18      EV: 20    Int: 18    God:
Gold:   40         SH:  0    Dex: 16    Spells: 13/19 levels left

rFire    . . .     SeeInvis +   a - +1 dagger (protect)
rCold    . . .     Gourm    .   (shield restricted)
rNeg     . . .     Faith    .   b - +0 robe
rPois    .         Spirit   .   (helmet restricted)
rElec    .         Reflect  .   (no cloak)
rCorr    .         Harm     .   (gloves unavailable)
MR       +....                  (boots unavailable)
Stlth    ++++......             r - amulet of regeneration
HPRegen  0.52/turn              g - +3 ring of protection
MPRegen  0.16/turn              t - ring of wizardry

@: very quick
A: very small, unfitting armour, see invisible, herbivore, speed 3, slow
metabolism 2
a: no special abilities


You were on level 7 of the Dungeon.
You were not hungry.

You visited 1 branch of the dungeon, and saw 7 of its levels.
You also visited: Sewer.

You collected 303 gold pieces.
You spent 263 gold pieces at shops.

Inventory:

Hand Weapons
 a - a +1 dagger of protection (weapon)
 p - a +2 whip of freezing
Missiles
 c - 6 atropa-tipped darts
 x - 14 poisoned darts (quivered)
Armour
 b - a +0 robe (worn)
 m - a +0 buckler
Jewellery
 g - a +3 ring of protection (left hand)
 r - an amulet of regeneration (around neck)
 t - a ring of wizardry (right hand)
 C - an uncursed ring of protection from cold {unknown}
 D - a cursed -3 ring of intelligence
Scrolls
 f - a scroll of identify
 h - 2 scrolls of amnesia {unknown}
 i - 3 scrolls of teleportation
 o - a scroll of fog
 q - a scroll of magic mapping {unknown}
 s - a scroll of blinking {unknown}
 y - a scroll of enchant weapon {unknown}
 B - a scroll of torment
Potions
 e - a potion of cancellation {unknown}
 j - 3 potions of flight
 k - a potion of invisibility {unknown}
 l - 5 potions of heal wounds
 n - a potion of mutation {unknown}
 u - 6 potions of curing
 v - 2 potions of berserk rage
 w - 3 potions of stabbing
 z - 3 potions of might
 A - 3 potions of brilliance
Comestibles
 d - 3 rations


   Skills:
 + Level 4.1 Short Blades
 + Level 4.6 Dodging
 + Level 7.4 Stealth
 - Level 6.0 Spellcasting
 - Level 6.0 Hexes
 + Level 3.2 Ice Magic


You had 13 spell levels left.
You knew the following spells:

 Your Spells              Type           Power        Failure   Level  Hunger
a - Corona                Hex            ####...      1%          1    None
b - Ensorcelled Hibernat  Hex/Ice        ###...       1%          2    None
c - Confusing Touch       Hex            ####....     1%          3    ##.....

Your spell library contained the following spells:

 Spells                   Type           Power        Failure   Level  Hunger
 Tukima's Dance           Hex            ####....     1%          3    ##.....
 Dazzling Flash           Conj/Hex       ###...       4%          3    ##.....


Dungeon Overview and Level Annotations

Branches:
Dungeon (7/15)              Sewer (visited)
 Temple: D:4-7

Altars:
Fedhas
The Shining One

Shops:
D:5 ?   D:6 !

Annotations:
D:7 Joseph


Innate Abilities, Weirdness & Mutations

You are very small and have problems with some larger weapons.
You are too small for most types of armour.
You have supernaturally acute eyesight. (SInv)
You are a herbivore.
You cover ground extremely quickly.
You need to consume almost no food.


Message History

Joseph easily resists.
Joseph hits you but does no damage.
Casting: Ensorcelled Hibernation (safe; 1% risk of failure)
Confirm with . or Enter, or press ? or * to list all spells.
Aiming: Ensorcelled Hibernation (safe; 1% risk of failure)
Press: ? - help, Shift-Dir - straight line, f/p - Joseph
Aim: Joseph, wielding a +0 quarterstaff, wearing a +2 leather armour of poison resistance and quivering 30 sling bullets (severely wounded, chance to defeat MR: 33%) Joseph easily resists.
Joseph closely misses you.
Casting: Ensorcelled Hibernation (safe; 1% risk of failure)
Confirm with . or Enter, or press ? or * to list all spells.
Aiming: Ensorcelled Hibernation (safe; 1% risk of failure)
Press: ? - help, Shift-Dir - straight line, f/p - Joseph
Aim: Joseph, wielding a +0 quarterstaff, wearing a +2 leather armour of poison resistance and quivering 30 sling bullets (severely wounded, chance to defeat MR: 33%) Joseph easily resists.
Joseph hits you with a +0 quarterstaff!
Joseph unwields a +0 quarterstaff.
Joseph wields a +0 vorpal hunting sling.
Joseph shoots a sling bullet.
The sling bullet hits you!
You see here a sling bullet.
There is a stone staircase leading up here.
Joseph shoots a sling bullet.
The sling bullet hits you!
You die...

#.....$..
#......#.
#....... #
.........
....#.#
#..#.#
#..#.##
#.....##..
#.@.......
##<...####
#(#.##
#.#.# #.#.#
######.#.#
........@.#
#######...#
###.#


You could see Joseph.

Vanquished Creatures
  3 ogres
  2 bullfrogs (D:6)
  A scorpion (D:6)
  A wight (D:5)
  A howler monkey (D:6)
  A centaur zombie (D:6)
  3 crimson imps
  An orc priest (D:3)
  A hound (D:6)
  2 iguanas
  An orc wizard (D:3)
  A hound skeleton (D:5)
  9 adders
  5 river rats (Sewer)
  2 oozes
  An adder skeleton (D:5)
  5 worms
  5 dart slugs
  3 leopard geckos
  3 orcs (D:3)
  6 ball pythons
  8 giant cockroaches
  5 hobgoblins
  5 jackals (D:1)
  25 kobolds
  A quokka (D:5)
  6 bats
  2 frilled lizards
  5 goblins
  A jackal skeleton (D:6)
  A leopard gecko skeleton (D:6)
  24 rats
140 creatures vanquished.

Vanquished Creatures (others)
  A hobgoblin (D:1)
1 creature vanquished.

Grand Total: 141 creatures vanquished

Notes
Turn   | Place    | Note
-------+----------+-------------------------------------------
     0 | D:1      | EWolf27 the Spriggan Enchanter began the quest for the Orb.
     0 | D:1      | Reached XP level 1. HP: 9/9 MP: 5/5
   218 | D:1      | Reached XP level 2. HP: 13/13 MP: 7/7
   400 | D:1      | Learned a level 2 spell: Ensorcelled Hibernation
  1111 | D:1      | Reached skill level 5 in Stealth
  1302 | D:1      | Reached XP level 3. HP: 16/16 MP: 8/8
  2309 | D:2      | Reached skill level 1 in Ice Magic
  2309 | D:2      | Reached XP level 4. HP: 21/21 MP: 7/10
  4184 | D:3      | Found a glowing drain.
  4194 | D:3      | Reached XP level 5. HP: 24/24 MP: 7/12
  4199 | Sewer    | Entered a sewer
  4469 | Sewer    | Reached skill level 5 in Hexes
  6038 | D:4      | Found a glowing golden altar of the Shining One.
  6040 | D:4      | Found a blossoming altar of Fedhas.
  6395 | D:4      | Noticed an ogre
  6682 | D:4      | Killed an ogre
  6682 | D:4      | Reached XP level 6. HP: 28/28 MP: 12/14
  6790 | D:4      | Got a warped falchion
  7033 | D:5      | Entered Level 5 of the Dungeon
  7105 | D:5      | Found Soduoss's Magic Scroll Emporium.
  7125 | D:5      | Bought a scroll of torment for 97 gold pieces
  7125 | D:5      | Bought a scroll of identify for 26 gold pieces
  7125 | D:5      | Identified the +5 falchion of Analysis {drain, rC- Dex+5}
                  | (You found it on level 4 of the Dungeon)
  7254 | D:5      | Learned a level 3 spell: Confusing Touch
  7285 | D:5      | Reached skill level 5 in Spellcasting
  7977 | D:5      | Reached XP level 7. HP: 32/32 MP: 12/16
  7979 | D:5      | Reached skill level 6 in Stealth
  9671 | D:6      | Reached skill level 7 in Stealth
  9870 | D:6      | Reached XP level 8. HP: 36/36 MP: 11/18
  9917 | D:6      | Found Cufracsegh's Distillery.
  9921 | D:6      | Bought a potion of heal wounds for 50 gold pieces
  9921 | D:6      | Bought a potion of heal wounds for 50 gold pieces
  9921 | D:6      | Bought a potion of stabbing for 40 gold pieces
 10215 | D:7      | Noticed Joseph
 10238 | D:7      | Shot with a sling bullet by Joseph

Levels and vault maps discovered:
D:1:      roderic_dead_forest, layout_loops_ring, hangedman_decor_slide_cut,
          lemuel_flame_loot_1
D:2:      layout_basic, first_ration, minmay_bisected
D:3:      layout_loops_corners, portal_sewer_entry_d
D:4:      kennysheep_big_flooded_room, layout_basic,
          chequers_temple_overflow_statue_of_worship
D:5:      layout_loops_ring, serial_shops, nicolae_shop_statue_plus
D:6:      layout_loops_corners, serial_shops, shop
D:7:      layout_loops_ring, old_standard_altar, minmay_temple_entry_slanted,
          enter_ossuary_4, uniq_harold, uniq_joseph

Skill      XL: |  1  2  3  4  5  6  7 |
---------------+----------------------+-----
Spellcasting   | 3 4 5 6 |  6.0
Hexes          | 4 5 6 |  6.0
Stealth        | 5 7 |  7.4
Ice Magic      | 1 2 3 |  3.2
Short Blades   | 2 4 |  4.1
Dodging        | 4 |  4.6

Action                   |  1- 3 |  4- 6 |  7- 9 || total
-------------------------+-------+-------+-------++-------
Melee: Dagger            |   142 |   518 |   111 ||   771
Throw: Dart              |     1 |    24 |     9 ||    34
 Cast: Corona            |     2 |     2 |       ||     4
       Ensorcelled Hiber |    13 |    63 |    19 ||    95
       Confusing Touch   |       |     1 |     1 ||     2
  Use: Scroll            |       |    16 |       ||    16
 Stab: Sleeping          |    16 |    40 |    15 ||    71
       Invisible         |     1 |       |       ||     1
       Distracted        |       |     1 |       ||     1
       Confused          |       |       |     1 ||     1
  Eat: Ration            |       |     4 |     1 ||     5
Armor: Robe              |    14 |   100 |    16 ||   130
Dodge: Dodged            |   119 |   379 |    76 ||   574

Table legend:
 A = Non-vault XP
 B = Vault XP
 C = Vault XP percentage of total XP
 D = Non-vault monster count
 E = Vault monster count
 F = Vault count percentage of total count
                 A         B        C        D         E       F
            +---------+---------+-------+---------+---------+-------
      Total |    1198 |     316 |  20.9 |      85 |      55 |  39.3
            +---------+---------+-------+---------+---------+-------
        D:1 |      47 |       0 |   0.0 |      24 |       0 |   0.0
        D:2 |      62 |      39 |  38.6 |      21 |       4 |  16.0
        D:3 |     129 |      13 |   9.2 |      14 |       1 |   6.7
        D:4 |      18 |     129 |  87.8 |       2 |       2 |  50.0
        D:5 |     436 |       0 |   0.0 |      10 |       0 |   0.0
        D:6 |     506 |       0 |   0.0 |      14 |       0 |   0.0
      Sewer |       0 |     135 | 100.0 |       0 |      48 | 100.0
            +---------+---------+-------+---------+---------+-------
